 Dungeon Crawl Stone Soup version 0.29.0-5-ge4962eb29e (webtiles) character file.

Game seed: 12288872716421109739

952 Shayle the Sneak (level 8, -2/49 HPs)
             Began as a Tengu Brigand on Aug 28, 2022.
             Succumbed to a killer bee's poison
             ... on level 6 of the Dungeon.
             The game lasted 00:14:09 (4409 turns).

Shayle the Sneak (Tengu Brigand)                    Turns: 4409, Time: 00:14:10

Health: -2/49      AC:  4    Str: 11    XL:     8   Next: 14%
Magic:  9/9        EV: 16    Int: 21    God:
Gold:   230        SH:  0    Dex: 13    Spells: 7/7 levels left

rFire   + . .      SeeInvis .   a - +2 dagger
rCold   + . .      Faith    .   u - orb {*Rage}
rNeg    . . .      Spirit   .   b - +0 robe
rPois   +          Reflect  .   (helmet restricted)
rElec   +          Harm     .   c - +1 cloak
rCorr   +          Rampage  .   (no gloves)
Will    .....      Rage     20% (boots unavailable)
Stlth   +++.......              (no amulet)
HPRegen 0.16/turn               j - +6 ring of intelligence
MPRegen 0.11/turn               (no ring)

@: brilliant, lethally poisoned (-2 -> -17), resistant, on berserk cooldown,
flying quickly and evasively, slowed, studying Earth Magic, very slow
A: beak, talons 3, nimble flight, claws 1, clumsy 1
a: no special abilities


You were on level 6 of the Dungeon.
You visited 2 branches of the dungeon, and saw 7 of its levels.

You collected 230 gold pieces.

Inventory:

Hand Weapons
 a - a +2 dagger (weapon)
Missiles
 d - 11 poisoned darts (quivered)
 e - 3 curare-tipped darts
 n - a throwing net
Armour
 b - a +0 robe (worn)
 c - a +1 cloak (worn)
 u - an orb of wrath (worn)
Jewellery
 j - a +6 ring of intelligence (left claw)
Wands
 s - a wand of mindburst (2)
Scrolls
 f - 3 scrolls of teleportation
 g - a scroll of silence {unknown}
 k - a scroll of fear
 l - a scroll of vulnerability {unknown}
 t - a scroll of summoning {unknown}
Potions
 h - a potion of haste {unknown}
 i - a potion of berserk rage {unknown}
 m - 2 potions of magic
 p - a potion of degeneration {unknown}
 q - a potion of mutation
 r - a potion of heal wounds {unknown}
 v - a potion of brilliance


   Skills:
 + Level 5.2 Fighting
 - Level 2.1 Short Blades
 - Level 2.0 Throwing
 + Level 5.3 Dodging
 + Level 6.7 Stealth
 + Level 3.1 Earth Magic


You had 7 spell levels left.
You didn't know any spells.
Your spell library was empty.

Dungeon Overview and Level Annotations

Branches:
Dungeon (6/15)             Temple (1/1) D:5

Altars:
Cheibriados
Kikubaaqudgha
Makhleb
Nemelex Xobeh
Okawaru
Qazlal
Ru
Sif Muna
Trog
Uskayaw
Wu Jian
Xom
Yredelemnul
Zin
The Shining One

Shops:
D:6 =

Annotations:
D:4 Natasha


Innate Abilities, Weirdness & Mutations

You have a beak for a mouth.
You have claws for feet.
Your magical nature lets you fly swiftly and evasively.
You have sharp fingernails.
You are clumsy. (Dex -2)


Message History

Your peck misses the killer bee.
You are no longer berserk.
You are exhausted.
You feel yourself slow down. The killer bee barely misses you.
Unknown command.
You barely miss the killer bee. You claw the killer bee!
The killer bee is heavily wounded.
The killer bee misses you. The killer bee barely misses you.
The killer bee closely misses you.
You hit the killer bee but do no damage.
Your kick misses the killer bee. Your peck misses the killer bee.
The killer bee is heavily wounded.
The killer bee stings you but does no damage.
The killer bee barely misses you.
You barely miss the killer bee.
The killer bee is heavily wounded.
The killer bee closely misses you. The killer bee misses you.
The killer bee stings you.
You hit the killer bee. Your kick misses the killer bee.
Your peck misses the killer bee.
The killer bee is severely wounded.
The killer bee stings you!
You are poisoned.
The killer bee poisons you! The killer bee misses you.
It was a potion of mutation.
You feel extremely strange.
You feel clumsy.
Your fingernails lengthen.
You feel very sick.
The killer bee stings you but does no damage. x2
The killer bee stings you.
* * * LOW HITPOINT WARNING * * *
It was a potion of brilliance.
You feel clever all of a sudden.
You feel sick. The killer bee stings you.
* * * LOW HITPOINT WARNING * * *
You are more poisoned.
The killer bee poisons you! The killer bee closely misses you.
The killer bee misses you.
It was a potion of resistance.
You feel protected.
You die...

#.#~~.~~#
#####
#.###'###
#....
#..<...#
#.###
##.##### #
######.####
#
#.........#
#
#.####.##.#
. # #.# #
..).### #@#
....... #y#
...##.#
#.yyo..y...
#.
#.#.....###
# #.####.y#
# ..# .# #


You could see 3 killer bees and an orc.

Vanquished Creatures
  A wyvern (D:5)
  Menkaure (D:5)
  3 black bears
  An ogre (D:6)
  3 killer bees (D:6)
  An iguana (D:5)
  5 adders
  4 gnolls
  3 white imps
  2 worms (D:2)
  2 dart slugs (D:1)
  7 orcs
  6 ball pythons
  5 bats
  10 endoplasms
  5 giant cockroaches
  4 hobgoblins
  4 kobolds
  3 quokkas (D:1)
  3 frilled lizards
  3 rats (D:1)
76 creatures vanquished.

Notes
Turn   | Place    | Note
-------+----------+-------------------------------------------
     0 | D:1      | Shayle the Tengu Brigand began the quest for the Orb.
     0 | D:1      | Reached XP level 1. HP: 12/12 MP: 2/2
   185 | D:1      | Reached XP level 2. HP: 17/17 MP: 3/3
   568 | D:1      | Reached XP level 3. HP: 22/22 MP: 4/4
  1243 | D:2      | Found a faded altar of an unknown god.
  1243 | D:2      | Noticed a Brimstone Fiend
  1254 | D:2      | Reached XP level 4. HP: 27/27 MP: 5/5
  2853 | D:3      | Reached skill level 5 in Stealth
  2945 | D:3      | Gained mutation: Your magical nature lets you fly swiftly
                  | and evasively. [Tengu growth]
  2945 | D:3      | Reached XP level 5. HP: 32/32 MP: 6/6
  2953 | D:3      | Found an iron altar of Okawaru.
  2954 | D:3      | Found a glowing silver altar of Zin.
  3156 | D:4      | You are sucked into a shaft and drop 1 floor!
  3156 | D:5      | Entered Level 5 of the Dungeon
  3205 | D:4      | Noticed Natasha
  3304 | D:5      | Noticed a black bear
  3305 | D:5      | Found a bloodstained altar of Trog.
  3305 | D:5      | Noticed a black bear
  3353 | D:5      | Killed a black bear
  3354 | D:5      | Reached XP level 6. HP: 38/38 MP: 7/7
  3416 | D:5      | Killed a black bear
  3418 | D:5      | Noticed an ice beast
  3544 | D:6      | Found Hirhoxt's Jewellery Shoppe.
  3570 | D:6      | Identified a scroll of acquirement
  3570 | D:6      | Acquired a manual of Earth Magic
  3810 | D:6      | Noticed a black bear
  3817 | D:6      | Killed a black bear
  3818 | D:6      | Reached skill level 6 in Stealth
  3818 | D:6      | Reached skill level 1 in Earth Magic
  3818 | D:6      | Reached XP level 7. HP: 44/44 MP: 8/8
  3903 | D:5      | Noticed Menkaure
  3907 | D:5      | Noticed a wyvern
  3914 | D:5      | Killed Menkaure
  3931 | D:5      | Killed a wyvern
  3932 | D:5      | Reached skill level 5 in Fighting
  3932 | D:5      | Reached skill level 5 in Dodging
  4082 | D:5      | Found a staircase to the Ecumenical Temple.
  4093 | Temple   | Entered the Ecumenical Temple
  4391 | D:6      | Reached XP level 8. HP: 49/49 MP: 9/9
  4407 | D:6      | Gained mutation: You are clumsy. (Dex -2) [potion of
                  | mutation]
  4407 | D:6      | Gained mutation: You have sharp fingernails. [potion of
                  | mutation]
  4409 | D:6      | Succumbed to a killer bee's poison

Illustrated notes

Levels and vault maps discovered:
D:1:      nagdon_arrival_double_spiral, layout_basic,
          hangedman_abyss_or_decor_lesser_grid, minmay_hexomino_c4
D:2:      layout_basic, dreamdust_ecumenical_altar_sealed_demon,
          hangedman_glass_teeth
D:3:      layout_loops_ring, minitemple
D:4:      layout_cave_pools, grunt_dithmenos_smoke_and_mirrors,
          fedhas_altar_fruit_tree, lemuel_crystal_altar, serial_shops, shop,
          uniq_natasha
D:5:      layout_basic, grunt_gozag_breadcrumbs, trog_ov_bears_minmay,
          temple_hall, serial_shops, shop_fountains, st_stairs_14, uniq_grinder,
          uniq_menkaure, uniq_prince_ribbit1
D:6:      layout_loops_ring, serial_shops, kennysheep_little_box,
          uniq_blork_the_orc, uniq_duvessa
Temple:   nicolae_temple_slightly_damp_pantheon

Skill      XL: |  1  2  3  4  5  6  7  8 |
---------------+-------------------------+-----
Dodging        | 2 3 4 5 |  5.3
Fighting       | 3 4 5 |  5.2
Stealth        | 5 6 |  6.7
Earth Magic    | 1 2 3 |  3.1
Short Blades   | |  2.1
Throwing       | |  2.0

Action                   |  1- 3 |  4- 6 |  7- 9 || total
-------------------------+-------+-------+-------++-------
Melee: Dagger            |    65 |    71 |    32 ||   168
       Kick              |    18 |    19 |     5 ||    42
       Peck              |     8 |    12 |     1 ||    21
Throw: Dart              |     1 |    18 |     7 ||    26
       Throwing net      |       |       |     1 ||     1
Evoke: Wand              |       |       |     2 ||     2
  Use: Scroll            |       |    10 |       ||    10
       Potion            |       |     1 |     3 ||     4
 Stab: Sleeping          |     7 |    10 |     3 ||    20
Armor: Robe              |    25 |    11 |     4 ||    40
Dodge: Dodged            |    29 |    36 |    29 ||    94
